 Dungeon Crawl Stone Soup version 0.18-a0-1211-g828307d (webtiles) character file.

211594 Duffy the Eclecticist (level 18, -8/112 HPs)
             Began as a Deep Elf Conjurer on Feb 2, 2016.
             Was the Champion of Sif Muna.
             Mangled by a black mamba (10 damage)
             ... on level 4 of the Snake Pit.
             The game lasted 01:53:24 (49032 turns).

Duffy the Eclecticist (Deep Elf Conjurer)          Turns: 49032, Time: 01:53:24

Health: -8/112     AC: 16    Str:  5    XL:     18   Next: 22%
Magic:  7/51       EV: 17    Int: 32    God:    Sif Muna [******]
Gold:   1787       SH:  7    Dex: 17    Spells: 12 memorised, 8 levels left

rFire  + . .     SeeInvis .     m - staff of conjuration {!a}
rCold  . . .     Gourm    +     B - +2 robe {Archmagi}
rNeg   . . .     Faith    .     l - +2 buckler
rPois  +         Spirit   .     p - +2 helmet {Int+3}
rElec  .         Dismiss  .     P - +2 cloak {rPois}
rCorr  .         Reflect  .     C - +2 pair of gloves
SustAt .         Harm     .     n - +2 pair of boots of the Assassin {DetectMon Stab+ Stlth++}
MR     +....                    O - amulet of the gourmand
Stlth  ++++++....               Z - ring of magical power
                                q - ring of protection from fire

@: about to teleport, constricted, deflect missiles, somewhat resistant to
hostile enchantments, very stealthy
A: agile 1
a: Channel Energy, Forget Spell, Renounce Religion
}: 1/15 runes: decaying


You were on level 4 of the Snake Pit.
You worshipped Sif Muna.
Sif Muna was exalted by your worship.
You were completely stuffed.

You visited 5 branches of the dungeon, and saw 33 of its levels.
You also visited: Labyrinth, Bailey and Ice Cave.

You collected 3522 gold pieces.
You spent 1735 gold pieces at shops.


Innate Abilities, Weirdness & Mutations

You are agile. (Dex +2)


   Skills:
 - Level 12.0 Fighting
 - Level 10.2 Dodging
 - Level 7.2 Stealth
 - Level 4.5 Shields
 - Level 18.0 Spellcasting
 - Level 18.0 Conjurations
 - Level 5.0 Hexes
 - Level 10.8 Charms
 - Level 4.2 Necromancy
 - Level 9.0 Fire Magic
 - Level 2.2 Air Magic
 + Level 14.4 Invocations


You had 8 spell levels left.
You knew the following spells:

 Your Spells              Type           Power        Failure   Level  Hunger
a - Magic Dart            Conj           ####         0%          1    None
h - Bolt of Fire          Conj/Fire      ########..   1%          6    None
i - Iskenderun's Battles  Conj/Chrm      ########     1%          5    None
k - Fireball              Conj/Fire      ########..   1%          5    None
l - Iskenderun's Mystic   Conj           ########     0%          4    None
n - Fulminant Prism       Conj/Hex       ########..   1%          4    None
r - Regeneration          Chrm/Necr      #######...   1%          3    None
s - Searing Ray           Conj           ######       0%          2    None
t - Summon Butterflies    Summ           #####...     1%          1    None
H - Haste                 Chrm           #######.     2%          6    None
M - Deflect Missiles      Chrm/Air       #######...   14%         6    None
W - Swiftness             Chrm/Air       #######.     1%          2    None

Inventory:

Hand Weapons
 u - a +1 blowgun
Missiles
 I - 10 curare-tipped needles
 K - 4 throwing nets (quivered)
Armour
 l - a +2 buckler (worn)
 n - the +2 pair of boots of the Assassin (worn) {DetectMon Stab+ Stlth++}

   It makes you much more stealthy.
 p - a +2 helmet of intelligence (worn)
 B - a +2 robe of the Archmagi (worn)
 C - a +2 pair of gloves (worn)
 P - a +2 cloak of poison resistance (worn)
Magical Staves
 a - an uncursed staff of power {!a}
 m - an uncursed staff of conjuration (weapon) {!a}
 S - an uncursed staff of energy {!a}
Jewellery
 q - a ring of protection from fire (left hand)
 t - an uncursed ring of resist corrosion
 D - an uncursed ring of ice
 N - an uncursed ring of protection from fire
 O - an amulet of the gourmand (around neck)
 Q - an uncursed amulet of regeneration
 Z - a ring of magical power (right hand)
Wands
 y - a wand of heal wounds (9/9)
 E - a wand of digging (20/24)
 M - a wand of disintegration (14/24)
 T - a wand of acid (12/15)
 X - a wand of paralysis (10/24)
Scrolls
 k - 18 scrolls of remove curse
 o - 10 scrolls of recharging
 r - 6 scrolls of magic mapping
 s - 8 scrolls of teleportation
 v - 3 scrolls of identify
 x - 9 scrolls of fog
 z - 4 scrolls of blinking
 A - 8 scrolls of amnesia
 G - 7 scrolls of enchant armour
 H - 5 scrolls of fear
 Y - 2 scrolls of holy word
Potions
 b - 5 potions of magic
 e - 4 potions of agility
 f - a potion of ambrosia
 g - 4 potions of haste
 h - 3 potions of cure mutation
 i - 3 potions of invisibility
 j - 13 potions of curing
 F - 4 potions of heal wounds
 J - 2 potions of cancellation
 L - 3 potions of brilliance
Comestibles
 c - 20 bread rations
 d - 15 meat rations
 w - 4 royal jellies
 R - 20 fruits
 U - a slice of pizza
 V - 2 beef jerkies

Dungeon Overview and Level Annotations

Branches:
Dungeon (15/15)            Temple (0/1) D:7            Lair (8/8) D:8
  Swamp (4/4) Lair:5        Snake (4/4) Lair:3        Slime (0/6) Lair:6
    Orc (2/2) D:12            Elf (0/3) Orc:2        Vaults (0/5) D:14
 Depths (0/5) D:15

Altars:
Ashenzari
Cheibriados
Dithmenos
Elyvilon
Fedhas
Kikubaaqudgha
Nemelex Xobeh
Okawaru
Pakellas
Ru
Sif Muna
Trog
Vehumet
Xom
Yredelemnul
Beogh

Shops:
D:5 ?   D:11 }%:?   D:14 !   D:15 (   Orc:2 %[:?   Snake:4 (

Annotations:
D:9 4 runed doors
D:15 exclusions: giant frog and 2 more exclusions
Snake:2 Vashnia


Message History

You kill the anaconda!
The black mamba misses you. The mana viper barely misses you.
The naga warrior hits you with a trident!!
The naga warrior grabs you. The naga warrior constricts you.
You block the black mamba's attack. The naga ritualist misses you.
The mana viper misses you. The naga warrior misses you.
Cast which spell? (? or * to list)
Aiming: Bolt of Fire
Press: ? - help, Shift-Dir - straight line, f - naga ritualist
Aim: a naga ritualist, wielding a scimitar of venom and wearing a robe You feel a strong surge of power!
The bolt of fire misses the naga ritualist.
Your battlesphere fires!
The barrage of energy hits the guardian serpent.
The guardian serpent is heavily wounded.
The black mamba bites you but does no damage.
The naga sharpshooter spits poison at you.
The splash of poison misses you.
The splash of poison hits the mana viper.
The mana viper appears unharmed.
The mana viper bites you!
You feel your power leaking away. The naga warrior spits poison at you.
The splash of poison misses you.
The splash of poison hits the naga ritualist.
The naga ritualist is poisoned.
The naga warrior constricts you. The black mamba barely misses you.
The naga warrior hits you with a short sword.
The naga ritualist hits you but does no damage.
You channel some magical energy.
You feel somewhat less full. The mana viper closely misses you.
The black mamba misses you.
The naga sharpshooter shoots an arrow.
The arrow hits you! The naga warrior completely misses you.
The naga warrior constricts you. You block the naga warrior's attack.
The mana viper closely misses you. The black mamba bites you!
You die...

# ###...N).. # # ##.....S..#..##
# . #.......N.....# #
..#..#.N...#....#. #
.................. #
................# #
#...*....N....#
############...##S..##########
..............SN@N...........#
...........<..NNNS.).....(...###
........N.........###'##'##....#
.....)...(..%.....#.......#....#
..).....S.........##.....##....#
........###..).....###'###.....#
#######.#.###)##...............#
#.<...#.#......#....###........#
#.....#.'.....####### ####....##


You could see 2 naga warriors, a naga sharpshooter, a salamander, a naga
ritualist, a mana viper, a guardian serpent, a black mamba, a naga and a
friendly battlesphere.

Action                   |  1- 3 |  4- 6 |  7- 9 | 10-12 | 13-15 | 16-18 || total
-------------------------+-------+-------+-------+-------+-------+-------++-------
Melee: Staff             |       |       |       |       |     1 |       ||     1
 Cast: Magic Dart        |    76 |    59 |   165 |   288 |   636 |   372 ||  1596
       Searing Ray       |       |     4 |    30 |     5 |    10 |     2 ||    51
       Fulminant Prism   |       |     4 |     3 |     7 |     6 |       ||    20
       Iskenderun's Batt |       |       |    19 |    75 |   187 |   129 ||   410
       Iskenderun's Myst |       |       |     2 |    69 |   253 |   112 ||   436
       Bolt of Fire      |       |       |       |       |   139 |   209 ||   348
       Regeneration      |       |       |       |       |     8 |     4 ||    12
       Haste             |       |       |       |       |     2 |     1 ||     3
       Deflect Missiles  |       |       |       |       |     1 |     4 ||     5
       Fireball          |       |       |       |       |       |     5 ||     5
Invok: Channel Energy    |       |       |     5 |    76 |   543 |    80 ||   704
  Use: Scroll            |       |       |    18 |    10 |    16 |     4 ||    48
       Potion            |       |       |       |       |       |     2 ||     2
  Eat: Chunk             |     3 |     6 |    21 |    37 |   140 |    43 ||   250
       Beef jerky        |       |       |       |     2 |       |     4 ||     6
       Pizza             |       |       |       |     1 |     4 |       ||     5
       Bread ration      |       |       |       |     1 |       |       ||     1
       Fruit             |       |       |       |     2 |    10 |     4 ||    16
       Royal jelly       |       |       |       |       |     2 |     6 ||     8

Notes
Turn   | Place    | Note
--------------------------------------------------------------
     0 | D:1      | Duffy the Deep Elf Conjurer began the quest for the Orb.
     0 | D:1      | Reached XP level 1. HP: 10/10 MP: 6/6
   267 | D:1      | Reached XP level 2. HP: 15/15 MP: 5/8
   271 | D:1      | Learned a level 2 spell: Searing Ray
   277 | D:1      | Reached skill level 5 in Conjurations
  1208 | D:2      | Reached skill level 4 in Spellcasting
  1208 | D:2      | Reached XP level 3. HP: 19/19 MP: 3/10
  1398 | D:2      | Found an oddly glowing altar of Pakellas.
  1398 | D:2      | Noticed an orange crystal statue
  1399 | D:2      | Noticed a crocodile
  1418 | D:2      | Killed an orange crystal statue
  1460 | D:2      | Reached skill level 1 in Fighting
  1531 | D:2      | Found an iron altar of Okawaru.
  1861 | D:2      | Found a shattered altar of Ashenzari.
  1865 | D:2      | Reached XP level 4. HP: 24/26 MP: 6/12
  1909 | D:2      | Found a shadowy altar of Dithmenos.
  2122 | D:3      | Noticed Blork the orc
  2132 | D:3      | Killed Blork the orc
  2132 | D:3      | Reached skill level 3 in Fighting
  2132 | D:3      | Reached XP level 5. HP: 29/32 MP: 4/13
  2205 | D:3      | Found a deep blue altar of Sif Muna.
  2214 | D:3      | Became a worshipper of Sif Muna the Loreminder
  2304 | D:3      | Learned a level 4 spell: Fulminant Prism
  2310 | D:3      | Learned a level 5 spell: Iskenderun's Battlesphere
  2731 | D:3      | Reached skill level 1 in Hexes
  3126 | D:4      | Found a blossoming altar of Fedhas.
  3126 | D:4      | Noticed a centaur
  3130 | D:4      | Killed a centaur
  3130 | D:4      | Reached skill level 2 in Hexes
  3130 | D:4      | Reached XP level 6. HP: 37/37 MP: 10/15
  3174 | D:4      | Reached skill level 5 in Spellcasting
  3273 | D:4      | Found a shimmering altar of Xom.
  3338 | D:4      | Found a basalt altar of Yredelemnul.
  3792 | D:5      | Entered Level 5 of the Dungeon
  3796 | D:5      | Reached skill level 6 in Conjurations
  3864 | D:5      | Noticed Duffy's ghost (amateur DECj)
  3978 | D:5      | Killed Duffy's ghost
  3978 | D:5      | Reached * piety under Sif Muna
  3978 | D:5      | Reached skill level 3 in Hexes
  3978 | D:5      | Reached XP level 7. HP: 9/41 MP: 1/17
  4304 | D:5      | Reached skill level 4 in Hexes
  4438 | D:5      | Reached skill level 5 in Hexes
  4849 | D:5      | Found Rubysecy's Magic Scroll Emporium.
  4861 | D:5      | Bought a scroll of blinking for 97 gold pieces
  4861 | D:5      | Bought a scroll of magic mapping for 45 gold pieces
  4861 | D:5      | Bought a scroll of random uselessness for 13 gold pieces
  4861 | D:5      | Bought a scroll of fear for 45 gold pieces
  4861 | D:5      | Bought a scroll of remove curse for 39 gold pieces
  4949 | D:5      | Reached skill level 1 in Charms
  5061 | D:5      | Noticed a moth of wrath
  5063 | D:5      | Found a bloodstained altar of Trog.
  5185 | D:5      | Reached skill level 6 in Spellcasting
  5234 | D:5      | Paralysed by miscasting Iskenderun's Battlesphere for 5 turns
  5246 | D:5      | Reached skill level 7 in Conjurations
  5249 | D:5      | Reached skill level 2 in Charms
  5642 | D:5      | Reached ** piety under Sif Muna
  5837 | D:6      | Reached skill level 3 in Charms
  5837 | D:6      | Reached XP level 8. HP: 46/46 MP: 11/19
  5937 | D:6      | Noticed Dowan
  5939 | D:6      | Noticed Duvessa
  5941 | D:6      | Killed Dowan
  5948 | D:6      | Killed Duvessa
  5948 | D:6      | Reached skill level 8 in Conjurations
  6365 | D:6      | Reached skill level 7 in Spellcasting
  6438 | D:6      | Learned a level 4 spell: Iskenderun's Mystic Blast
  6482 | D:6      | Reached skill level 4 in Charms
  6611 | D:6      | Noticed Eustachio
  6615 | D:6      | Killed Eustachio
  6615 | D:6      | Reached *** piety under Sif Muna
  6722 | D:6      | Reached skill level 5 in Charms
  6915 | D:6      | Reached skill level 9 in Conjurations
  7195 | D:7      | Reached XP level 9. HP: 50/50 MP: 15/22
  7201 | D:7      | Reached skill level 8 in Spellcasting
  7202 | D:7      | Reached skill level 6 in Charms
  7508 | D:7      | Found a staircase to the Ecumenical Temple.
  7653 | D:7      | Noticed Crazy Yiuf
  7658 | D:7      | Killed Crazy Yiuf
  7887 | D:8      | Reached **** piety under Sif Muna
  7889 | D:8      | Reached skill level 10 in Conjurations
  8017 | D:8      | Found an ancient bone altar of Kikubaaqudgha.
  8029 | D:8      | Found a sparkling altar of Nemelex Xobeh.
  8190 | D:8      | Found a staircase to the Lair.
  8191 | D:8      | Noticed a komodo dragon
  8223 | D:8      | Killed a komodo dragon
  8223 | D:8      | Reached skill level 7 in Charms
  8326 | D:8      | Reached skill level 9 in Spellcasting
  8526 | D:8      | Reached ***** piety under Sif Muna
  8591 | D:8      | Reached skill level 11 in Conjurations
  8949 | D:8      | Found a white marble altar of Elyvilon.
  9139 | D:8      | Reached XP level 10. HP: 56/56 MP: 11/25
  9522 | D:9      | Found a huge runed gate.
  9527 | D:9      | Found a huge runed gate.
  9528 | D:9      | Found a huge runed gate.
  9529 | D:9      | Found a huge runed gate.
  9530 | D:9      | Noticed a griffon
  9530 | D:9      | Noticed a griffon
  9536 | D:9      | Reached skill level 10 in Spellcasting
  9577 | D:9      | Reached skill level 1 in Invocations
  9624 | D:9      | Found a flagged portal.
  9635 | Bailey   | Entered a bailey
  9641 | Bailey   | Noticed a deep elf mage
  9645 | Bailey   | Killed a deep elf mage
  9645 | Bailey   | Reached skill level 3 in Invocations
  9668 | Bailey   | Noticed a deep elf mage
  9671 | Bailey   | Killed a deep elf mage
  9671 | Bailey   | Reached skill level 4 in Invocations
  9674 | Bailey   | Noticed a deep elf mage
  9683 | Bailey   | Killed a deep elf mage
  9683 | Bailey   | Reached skill level 5 in Invocations
  9684 | Bailey   | Noticed a deep elf mage
  9691 | Bailey   | Noticed a deep elf mage
  9691 | Bailey   | Killed a deep elf mage
  9691 | Bailey   | Reached skill level 6 in Invocations
  9708 | Bailey   | Killed a deep elf mage
  9708 | Bailey   | Reached skill level 7 in Invocations
  9809 | Bailey   | Noticed a deep elf mage
  9817 | Bailey   | Killed a deep elf mage
  9845 | Bailey   | Noticed a deep elf knight
  9847 | Bailey   | Killed a deep elf knight
  9847 | Bailey   | Reached skill level 12 in Conjurations
  9847 | Bailey   | Reached skill level 8 in Invocations
 10001 | Bailey   | Noticed a deep elf mage
 10009 | Bailey   | Killed a deep elf mage
 10009 | Bailey   | Reached XP level 11. HP: 60/60 MP: 8/27
 10038 | Bailey   | Noticed a deep elf mage
 10044 | Bailey   | Killed a deep elf mage
 10685 | D:9      | Found a snail-covered altar of Cheibriados.
 11252 | D:10     | Entered Level 10 of the Dungeon
 11497 | D:10     | Reached ****** piety under Sif Muna
 11530 | D:10     | Noticed Duffy's ghost (novice DEWz)
 11538 | D:10     | Killed Duffy's ghost
 11538 | D:10     | Received a gift from Sif Muna
 11592 | D:10     | Learned a level 2 spell: Swiftness
 11628 | D:10     | Noticed Joseph
 11633 | D:10     | Killed Joseph
 11633 | D:10     | Reached skill level 11 in Spellcasting
 11829 | D:10     | Noticed a purple ugly thing
 11834 | D:10     | Killed a purple ugly thing
 12455 | Lair:1   | Entered Level 1 of the Lair of Beasts
 12455 | Lair:1   | Noticed a five-headed hydra
 12459 | Lair:1   | Killed a five-headed hydra
 12459 | Lair:1   | Reached skill level 13 in Conjurations
 12499 | Lair:1   | Found a labyrinth entrance.
 12511 | Lab      | Entered a labyrinth
 13688 | Lab      | Noticed a minotaur
 13692 | Lab      | Killed a minotaur
 13692 | Lab      | Reached skill level 12 in Spellcasting
 13742 | Lab      | Identified the Disquisition on Summoning (You found it in a labyrinth)
 13744 | Lab      | Got a smoking robe
 13776 | Lab      | Identified the +2 robe of the Illusory Places {rC+ Str+5 Stlth+} (You found it in a labyrinth)
 13832 | Lair:1   | Learned a level 3 spell: Regeneration
 14026 | Lair:1   | Reached skill level 3 in Dodging
 14139 | Lair:1   | Reached skill level 4 in Dodging
 14208 | Lair:1   | Reached skill level 4 in Fighting
 14242 | Lair:1   | Noticed a four-headed hydra
 14246 | Lair:1   | Killed a four-headed hydra
 14246 | Lair:1   | Reached skill level 5 in Dodging
 14535 | Lair:1   | Reached XP level 12. HP: 67/67 MP: 18/30
 14735 | Lair:2   | Reached skill level 6 in Dodging
 14738 | Lair:2   | Reached skill level 5 in Fighting
 15266 | Lair:2   | Noticed a four-headed hydra
 15270 | Lair:2   | Killed a four-headed hydra
 15270 | Lair:2   | Reached skill level 6 in Fighting
 16098 | Lair:3   | Found a radiant altar of Vehumet.
 16177 | Lair:3   | Reached skill level 7 in Fighting
 16278 | Lair:3   | Found a staircase to the Snake Pit.
 16601 | Lair:3   | Noticed Gastronok
 16672 | Lair:3   | Killed Gastronok
 16672 | Lair:3   | Reached skill level 8 in Fighting
 17504 | Lair:4   | Noticed a death yak
 17563 | Lair:4   | Noticed a death yak
 17564 | Lair:4   | Noticed a death yak
 17585 | Lair:4   | Killed a death yak
 17704 | Lair:4   | Reached skill level 14 in Conjurations
 17836 | Lair:4   | Noticed an anaconda
 17843 | Lair:4   | Killed an anaconda
 18014 | Lair:4   | Reached XP level 13. HP: 59/80 MP: 14/31
 18376 | Lair:4   | Received a gift from Sif Muna
 18378 | Lair:4   | Reached skill level 15 in Conjurations
 18379 | Lair:4   | Identified Sif Muna's Grimoire of Conjuration (Sif Muna gifted it to you on level 4 of the Lair of Beasts)
 19019 | Lair:5   | Noticed Snorg
 19044 | Lair:5   | Killed Snorg
 19250 | Lair:5   | Found a staircase to the Swamp.
 20114 | Lair:6   | Identified Sif Muna's Reference Book on Changing (You found it on level 6 of the Lair of Beasts)
 20122 | Lair:5   | Reached skill level 16 in Conjurations
 20293 | Lair:6   | Found a staircase to the Slime Pits.
 20479 | Lair:6   | Found a frozen archway.
 20502 | IceCv    | Entered an ice cave
 21094 | IceCv    | Received a gift from Sif Muna
 21095 | IceCv    | Identified Mumiew's Guide on Confrontation and Air (Sif Muna gifted it to you in an ice cave)
 21103 | IceCv    | Learned a level 6 spell: Bolt of Fire
 21194 | IceCv    | Reached skill level 1 in Fire Magic
 21304 | IceCv    | Reached skill level 2 in Fire Magic
 21450 | IceCv    | Got an iridescent demon blade
 21464 | IceCv    | Identified the +1 demon blade "Xeumeahu" {pain, -Tele rN+ Dex+3 SInv} (You found it in an ice cave)
 21825 | Lair:6   | Reached skill level 3 in Fire Magic
 21892 | Lair:6   | Reached skill level 4 in Fire Magic
 22540 | Lair:7   | Noticed Nessos
 22552 | Lair:7   | Killed Nessos
 22552 | Lair:7   | Reached skill level 5 in Fire Magic
 23225 | Lair:8   | Entered Level 8 of the Lair of Beasts
 23334 | Lair:8   | Reached skill level 6 in Fire Magic
 23423 | Lair:8   | Reached XP level 14. HP: 84/84 MP: 18/32
 23506 | Lair:8   | Reached skill level 7 in Fire Magic
 23840 | Lair:8   | Reached skill level 8 in Fire Magic
 24184 | Lair:8   | Reached skill level 9 in Fire Magic
 24210 | Lair:8   | Reached skill level 1 in Necromancy
 24282 | Lair:8   | Reached skill level 2 in Necromancy
 24386 | Lair:8   | Reached skill level 3 in Necromancy
 24422 | Lair:8   | Received a gift from Sif Muna
 24440 | Lair:8   | Reached skill level 4 in Necromancy
 24523 | Lair:8   | Reached skill level 7 in Dodging
 24696 | Lair:8   | Reached skill level 8 in Dodging
 25294 | Lair:8   | Reached skill level 9 in Dodging
 25948 | D:11     | Found Legaqewk's Book Emporium.
 25985 | D:11     | Bought a book of Enchantments for 600 gold pieces
 25997 | D:11     | Learned a level 6 spell: Haste
 26046 | D:11     | Reached skill level 10 in Dodging
 26394 | D:11     | Found Keruad's Food Shop.
 26411 | D:11     | Found Vuogubul's Gadget Shop.
 26711 | D:11     | Found Lugywk's Magic Scroll Shop.
 26801 | D:12     | Reached skill level 8 in Charms
 27121 | D:12     | Found a staircase to the Orcish Mines.
 27924 | D:12     | Reached skill level 9 in Charms
 28263 | Orc:1    | Entered Level 1 of the Orcish Mines
 28282 | Orc:1    | Reached skill level 13 in Spellcasting
 28378 | Orc:1    | Learned a level 6 spell: Deflect Missiles
 28395 | Orc:2    | Entered Level 2 of the Orcish Mines
 29187 | Orc:2    | Reached XP level 15. HP: 89/89 MP: 26/34
 29344 | Orc:2    | Reached skill level 10 in Charms
 29393 | Orc:2    | Found Rotroke's Food Boutique.
 29421 | Orc:2    | Found Heahoa's Antique Armour Shop.
 29473 | Orc:2    | Found a roughly hewn altar of Beogh.
 29524 | Orc:2    | Reached skill level 1 in Air Magic
 29533 | Orc:2    | Reached skill level 2 in Air Magic
 30222 | Orc:2    | Found a staircase to the Elven Halls.
 30364 | Orc:2    | Identified the Guide on Beguiling (You found it on level 2 of the Orcish Mines)
 30424 | Orc:2    | Received a gift from Sif Muna
 30430 | Orc:2    | Identified Sif Muna's Grimoire of Necromancy (Sif Muna gifted it to you on level 2 of the Orcish Mines)
 30579 | Orc:2    | Noticed an orc warlord
 30587 | Orc:2    | Killed an orc warlord
 30587 | Orc:2    | Reached skill level 14 in Spellcasting
 30702 | Orc:2    | Found a roughly hewn altar of Beogh.
 30776 | Orc:2    | Found Uwiorutu's Book Shoppe.
 30895 | Orc:2    | Reached skill level 15 in Spellcasting
 31103 | Orc:2    | Reached skill level 9 in Fighting
 31112 | Orc:2    | Found Tiyrch's Magic Scroll Shop.
 31313 | Orc:2    | Bought a pair of runed gloves for 130 gold pieces
 31326 | Orc:2    | Bought a runed helmet for 130 gold pieces
 31400 | Orc:2    | Bought a scroll of identify for 24 gold pieces
 31400 | Orc:2    | Bought a scroll of identify for 24 gold pieces
 31400 | Orc:2    | Bought a scroll of identify for 24 gold pieces
 31406 | Orc:2    | Bought a scroll of fog for 24 gold pieces
 31406 | Orc:2    | Bought a scroll of teleportation for 36 gold pieces
 31540 | D:11     | Bought a scroll of identify for 28 gold pieces
 31540 | D:11     | Bought a scroll of identify for 28 gold pieces
 31540 | D:11     | Bought a scroll of identify for 28 gold pieces
 31540 | D:11     | Bought a scroll of fog for 28 gold pieces
 31540 | D:11     | Bought a scroll of identify for 28 gold pieces
 33106 | D:14     | Found Baumen's Distillery.
 33114 | D:14     | Bought a potion of heal wounds for 70 gold pieces
 33114 | D:14     | Bought a potion of heal wounds for 70 gold pieces
 33114 | D:14     | Bought a potion of invisibility for 112 gold pieces
 33114 | D:14     | Bought a potion of cancellation for 112 gold pieces
 33189 | D:14     | Reached skill level 10 in Fighting
 33284 | D:14     | Noticed Sonja
 33287 | D:14     | Killed Sonja
 33287 | D:14     | Reached skill level 3 in Stealth
 33632 | D:14     | Reached skill level 4 in Stealth
 33904 | D:14     | Reached skill level 5 in Stealth
 33958 | D:14     | Got a brightly glowing emerald amulet
 33964 | D:14     | Identified the amulet of Nuig Ruzecu {+Rage Dex+2 Slay+2} (You found it on level 14 of the Dungeon)
 33990 | D:14     | Reached skill level 6 in Stealth
 34036 | D:14     | Reached skill level 7 in Stealth
 34084 | D:14     | Found a gate to the Vaults.
 34180 | D:15     | Entered Level 15 of the Dungeon
 34276 | D:15     | Found a sacrificial altar of Ru.
 34384 | D:15     | Found Feli's Antique Weapon Shop.
 34432 | D:15     | Reached skill level 9 in Invocations
 34657 | D:15     | Found a staircase to the Depths.
 35104 | D:14     | Reached skill level 10 in Invocations
 35367 | D:15     | Reached XP level 16. HP: 97/97 MP: 33/37
 35753 | D:15     | Gained mutation: You are agile. (Dex +2) [potion of beneficial mutation]
 36045 | D:14     | Reached skill level 11 in Invocations
 36317 | Swamp:1  | Entered Level 1 of the Swamp
 37131 | Swamp:1  | Reached skill level 12 in Invocations
 38541 | Swamp:2  | Noticed Jorgrun
 38548 | Swamp:2  | Killed Jorgrun
 38548 | Swamp:2  | Reached skill level 16 in Spellcasting
 38900 | Swamp:2  | Noticed a thorn hunter
 38904 | Swamp:2  | Killed a thorn hunter
 38966 | Swamp:2  | Received a gift from Sif Muna
 38999 | Swamp:2  | Learned a level 5 spell: Fireball
 39418 | Swamp:3  | Reached skill level 17 in Spellcasting
 40569 | Swamp:4  | Entered Level 4 of the Swamp
 40802 | Swamp:4  | Reached skill level 18 in Spellcasting
 40804 | Swamp:4  | Noticed a thorn hunter
 41630 | Swamp:3  | Noticed a thorn hunter
 41632 | Swamp:3  | Killed a thorn hunter
 41632 | Swamp:3  | Reached skill level 11 in Fighting
 41632 | Swamp:3  | Reached XP level 17. HP: 102/104 MP: 25/41
 42102 | Swamp:4  | Learned a level 1 spell: Summon Butterflies
 42119 | Swamp:4  | Got a decaying rune of Zot
 42874 | Snake:1  | Entered Level 1 of the Snake Pit
 42963 | Snake:1  | Reached skill level 1 in Shields
 43081 | Snake:1  | Reached skill level 2 in Shields
 43243 | Snake:1  | Reached skill level 3 in Shields
 43508 | Snake:1  | Reached skill level 4 in Shields
 44096 | Snake:2  | Reached skill level 12 in Fighting
 44164 | Snake:2  | Noticed Vashnia
 44393 | Snake:2  | Reached skill level 17 in Conjurations
 45139 | Snake:2  | Noticed Aizul
 45142 | Snake:2  | Killed Aizul
 45626 | Snake:2  | Received a gift from Sif Muna
 46484 | Snake:3  | Reached skill level 18 in Conjurations
 46682 | Snake:3  | Found an ancient bone altar of Kikubaaqudgha.
 47669 | Snake:4  | Entered Level 4 of the Snake Pit
 47669 | Snake:4  | Noticed George's ghost (adept MiFi)
 47849 | Snake:4  | Killed George's ghost
 47849 | Snake:4  | Reached skill level 13 in Invocations
 47977 | Snake:4  | Reached XP level 18. HP: 112/112 MP: 33/42
 48052 | Snake:4  | Found Fophos's Antique Weapon Emporium.
 48396 | Snake:4  | Noticed Norris
 48401 | Snake:4  | Killed Norris
 48558 | Snake:4  | Reached skill level 14 in Invocations
 48648 | Snake:4  | Noticed Agnes
 48649 | Snake:4  | Killed Agnes
 49032 | Snake:4  | Mangled by a black mamba

Vault maps used:
D:1:      lightli_arrival_lavapool
D:2:      okawaru_trees_1, minitemple, serial_glass, glass_columns_c,
          glass_columns_c, glass_columns_a, glass_columns_b,
          serial_bayou_pond_e, minmay_misc_feat_rugged,
          gammafunk_pakellas_statue_experiment
D:3:      tgw_sif, serial_bayou_pond_c
D:4:      fedhas_bush_and_centaur_altar, xom_butterflies,
          overflow_temple_1_default, first_bread
D:5:      serial_shops, nicolae_shop_trees, tgw_trog
D:6:      minivault_5, uniq_eustachio, uniq_duvessa
D:7:      minmay_temple_entry_trees, uniq_crazy_yiuf_cottage
D:8:      grunt_temple_overflow_open, nemelex_xobeh_ov_fountains_minmay,
          david_lair_shrubbed
D:9:      lemuel_bear_cage, slow_altar_1, enter_bailey_8,
          hangedman_decor_riveting
D:10:     hangedman_fish_farm, uniq_joseph
D:11:     serial_shops, shop, kennysheep_little_box, kennysheep_mini_moat, shop
D:12:     erik_orc_3, spider_trap
D:14:     wad_cavern_with_rooms, grunt_vaults_entry_tiered,
          hangedman_abyss_or_decor_stagger, serial_shops, shop, uniq_sonja
D:15:     hangedman_depths_entry_civil_slaughter, serial_shops, shop,
          nicolae_ru_awakened_eye
Lair:1:   lab_entry_generic
Lair:2:   lemuel_fruit_fields, serial_bayou_shore_a, lemuel_fruit_fields,
          grunt_megastairs_5
Lair:3:   dummy_snake_entry, basic_altar, uniq_gastronok
Lair:4:   beast_lair_carwin_large_2
Lair:5:   minmay_swamp_entry_reptiles, uniq_snorg
Lair:6:   minmay_slime_entry_jelly_boxes, portal_ice_cave_entry_pillars_02,
          grunt_megastairs_3
Lair:7:   minivault_27, infiniplex_staircase_pool_2, uniq_nessos
Lair:8:   hangedman_lair_caniforms_friends, guppyfry_lair_end_dragon,
          hibernation_bobbens, bh_autumn_forest_stairs, grunt_megastairs_1
Swamp:1:  nicolae_swamp_feature_on_the_river_bank, swamp_pool1
Swamp:2:  serial_swamp_ruin, evilmike_swamp_ruin_house_3,
          evilmike_swamp_ruin_house_1, evilmike_swamp_ruin_house_5, swamp_pool3,
          uniq_jorgrun
Swamp:3:  evilmike_swamp_ruin_rubble_1, swamp_pool1
Swamp:4:  swamp
Snake:2:  uniq_aizul, uniq_vashnia
Snake:3:  basic_altar
Snake:4:  snake_pit, serial_shops, shop, uniq_norris, uniq_agnes
Orc:2:    pubby_orc_utopia
Bailey:   bailey_polearm_3, bailey
IceCv:    ice_cave_small_demon

Vanquished Creatures
  Norris Jorgrun
  The ghost of George the Fencer, an adept MiFi of the Shining One Gastronok
  3 thorn hunters Agnes
  2 greater nagas
  An orc warlord Aizul
  A stone giant Nessos
  An ettin
  A minotaur Snorg
  A vault guard
  A fire dragon
  An ogre mage
  A rakshasa
  8 naga warriors
  26 hydras
  11 anacondas
  2 ghost crabs
  2 centaur warriors
  7 alligators
  6 naga sharpshooters
  6 death yaks
  7 shock serpents
  4 orc high priests
  2 deep elf knights Sonja
  2 salamander mystics
  2 unseen horrors
  9 swamp dragons
  A hill giant
  2 shambling mangroves
  4 spriggan druids
  The ghost of Duffy the Thaumaturge, a novice DEWz of Sif Muna
  2 wizards
  An orange crystal statue
  3 naga ritualists
  5 orc knights
  7 orc sorcerers
  A necromancer
  6 mana vipers
  13 deep elf magi
  3 cyclopes
  2 manticores
  A wolf spider (shapeshifter)
  2 griffons
  2 ugly things
  An octopode (shapeshifter)
  11 salamanders
  9 elephants
  9 naga magi
  34 black mambas
  A guardian serpent Joseph
  A torpor snail
  26 spiny frogs
  3 gargoyles
  2 ice statues
  14 komodo dragons
  8 fire drakes
  2 tengu conjurers
  8 ice devils
  A freezing wraith
  10 trolls
  8 polar bears
  A merfolk
  7 giant leeches
  2 raiju
  6 two-headed ogres
  3 blink frogs
  A hornet zombie
  25 slime creatures
  11 bog bodies
  6 shadows
  A vampire
  2 spriggans
  The ghost of Duffy the Destroyer, an amateur DECj
  47 yaks
  2 wyverns
  3 wraiths
  21 humans Eustachio
  A hungry ghost
  3 hippogriffs
  2 basilisks
  12 wargs
  18 vampire mosquitoes
  20 wolves
  18 swamp worms
  23 nagas
  20 insubstantial wisps
  3 steam dragons
  A soldier ant
  3 hell hounds
  22 water moccasins
  3 mottled dragons
  11 porcupines Duvessa
  43 orc warriors
  6 ice beasts
  A sky beast
  14 black bears
  14 swamp drakes
  2 phantoms
  10 wasps
  A necrophage
  19 ogres
  19 centaurs
  24 crocodiles Blork the orc
  5 big kobolds
  19 giant frogs
  2 gnoll sergeants
  A water moccasin zombie Dowan
  A water moccasin skeleton
  A wyvern skeleton
  6 scorpions
  3 killer bees
  4 wights
  An electric eel
  5 crimson imps
  3 centaur zombies
  4 giant frog zombies
  5 quasits
  20 hounds
  A gnoll shaman
  28 orc priests Crazy Yiuf
  17 jellies
  27 orc wizards
  6 centaur skeletons
  14 iguanas
  13 worker ants
  4 sheep
  A hound skeleton
  2 worker ant zombies
  18 gnolls
  16 adders
  81 river rats
  6 shadow imps
  12 white imps
  5 ufetubi
  2 oozes
  An adder skeleton
  4 worms
  5 giant geckos
  107 orcs
  9 bats
  3 giant cockroaches
  4 goblins
  10 hobgoblins
  15 jackals
  5 quokkas
  A giant gecko skeleton
  3 giant newts
  A jackal zombie
  37 kobolds
  A quokka zombie
  12 rats
  20 fulminant prisms
  10 fungi
  16 plants
1375 creatures vanquished.
